[Event "ICCopen2017"]
[Site "Internet Chess Club"]
[Date "2017.03.26"]
[Round "8"]
[White "DaffyDuck"]
[Black "EddieBarber"]
[Result "1-0"]
[ICCResult "Black forfeits on time"]
[WhiteElo "1723"]
[BlackElo "1827"]
[Opening "English: symmetrical variation"]
[ECO "A30"]
[NIC "EO.64"]
[Time "20:29:33"]
[TimeControl "180+0"]

1. c4 c5 2. b4 Nc6 3. b5 Nb8 4. Bb2 d6 5. Nf3 e5 6. d3 Nf6 7. e4 Be7 8. Nbd2
O-O 9. g3 a5 10. a4 Nbd7 11. Bh3 Nb6 12. Bxc8 Qxc8 13. h3 g6 14. Qe2 Nh5 15.
Kf1 f5 16. Kg2 f4 17. g4 Ng7 18. Ne1 Ne6 19. f3 Bh4 20. Nc2 Nd7 21. Bc3 b6
22. Nb3 Nd4 23. Nbxd4 exd4 24. Be1 Qd8 25. Bf2 Ne5 26. Rad1 Qf6 27. Qe1 Bg3
28. Bxg3 fxg3 29. Rf1 Qh4 30. Qxg3 g5 31. Qxh4 gxh4 32. f4 Ng6 33. Rf3 Nxf4+
34. Kh2 Ng6 35. Rdf1 Rxf3 36. Rxf3 Rf8 37. Ne1 Rxf3 38. Nxf3 Ne5 39. Ne1 Kg7
40. Kg2 Kg6 41. Kf2 Kg5 42. Ke2 Kf4 43. Ng2+ Kg3 44. Ne1 Kxh3 45. Nf3 Kxg4
46. Nh2+ {Black forfeits on time} 1-0

[Event "ICCopen2017"]
[Site "Internet Chess Club"]
[Date "2017.03.26"]
[Round "8"]
[White "Unico"]
[Black "Kalmyk"]
[Result "0-1"]
[ICCResult "White resigns"]
[WhiteElo "2455"]
[BlackElo "2790"]
[Opening "Catalan: closed"]
[ECO "E01"]
[NIC "CA.01"]
[Time "20:29:55"]
[TimeControl "180+0"]

1. d4 Nf6 2. c4 e6 3. g3 d5 4. Bg2 Bb4+ 5. Bd2 Be7 6. Nf3 O-O 7. O-O c6 8.
Qc2 b6 9. b3 Ba6 10. Ne5 Nfd7 11. Nd3 Nf6 12. cxd5 cxd5 13. Rc1 Nbd7 14. Bf4
Rc8 15. Bc7 Qe8 16. Qb2 Ne4 17. a4 Ndf6 18. Na3 Bxd3 19. exd3 Nd6 20. a5
bxa5 21. Bxa5 Qd7 22. Bb4 Nb7 23. Bxe7 Qxe7 24. Nc2 Nd6 25. Nb4 Qb7 26. Qa3
Nb5 27. Qb2 Qb6 28. Ra6 Qxd4 29. Rc3 {White resigns} 0-1

[Event "ICCopen2017"]
[Site "Internet Chess Club"]
[Date "2017.03.26"]
[Round "8"]
[White "soyleyenda"]
[Black "BlueJ"]
[Result "1-0"]
[ICCResult "Black forfeits on time"]
[WhiteElo "1662"]
[BlackElo "1952"]
[Opening "Sicilian defense"]
[ECO "B40"]
[NIC "SI.43"]
[Time "20:29:00"]
[TimeControl "180+0"]

1. e4 c5 2. Nf3 e6 3. d3 Nc6 4. Nbd2 d5 5. g3 Bd6 6. Bg2 Nge7 7. O-O O-O 8.
Re1 b6 9. e5 Bc7 10. Qe2 Ng6 11. Nf1 Ngxe5 12. Nxe5 Bxe5 13. h4 Bf6 14. Nh2
e5 15. Ng4 Bxg4 16. Qxg4 Nd4 17. Qd1 Rc8 18. c3 Ne6 19. Qe2 Qd6 20. Qg4 g6
21. h5 Bg7 22. Bd2 f5 23. Qh3 g5 24. h6 Bf6 25. Rad1 g4 26. Qh5 Be7 27. c4
d4 28. Bd5 Kh8 29. Re2 Nc7 30. Rde1 Nxd5 31. cxd5 Bf6 32. Qxf5 Qxd5 33. Bg5
Qf3 34. Bxf6+ Rxf6 35. Qxe5 Rf8 36. Rf1 Kg8 37. Re4 Rxh6 38. Qd5+ Kh8 39.
Qe5+ Qf6 40. Qxf6+ Rhxf6 41. Rxg4 Rf3 42. Re4 Rxd3 43. Re7 Rd2 44. Kg2 Rxb2
45. Rh1 Rfxf2+ 46. Kh3 Kg8 47. Kg4 Rf7 48. Re8+ Kg7 49. Re5 d3 50. Reh5 h6
51. Rxh6 Rb4+ 52. Kg5 d2 53. Rh7+ Kf8 54. Rh8+ Ke7 55. Rd1 Kd7 56. Rxd2+ Rd4
57. Re2 Rg7+ 58. Kf5 Rxg3 59. Rh7+ Kc6 60. a4 {Black forfeits on time} 1-0

[Event "ICCopen2017"]
[Site "Internet Chess Club"]
[Date "2017.03.26"]
[Round "8"]
[White "Eigeneier"]
[Black "kutittaja"]
[Result "0-1"]
[ICCResult "White forfeits on time"]
[WhiteElo "1861"]
[BlackElo "1623"]
[Opening "QGD Slav: 4.e3"]
[ECO "D11"]
[NIC "QP.06"]
[Time "20:28:39"]
[TimeControl "180+0"]

1. d4 Nf6 2. Nf3 d5 3. c4 c6 4. e3 g6 5. Nc3 Bg7 6. Bd3 O-O 7. O-O Re8 8. b3
Nbd7 9. Bb2 a6 10. a4 e5 11. dxe5 Nxe5 12. Nxe5 Rxe5 13. cxd5 cxd5 14. Ne2
Re8 15. Nd4 Ne4 16. Rc1 Bd7 17. Qe2 Rc8 18. h3 Rxc1 19. Rxc1 Qb6 20. Rb1 Nc5
21. Bc2 Be5 22. Qf3 Bc6 23. h4 Bb8 24. h5 Qc7 25. g3 Ne4 26. hxg6 fxg6 27.
Bxe4 Rxe4 28. Qf6 Qe7 29. Nxc6 Qxf6 30. Bxf6 bxc6 31. Rc1 Re6 32. Bd4 Kf7
33. Bc5 Ke8 34. b4 Kd7 35. Kg2 Bd6 36. Kf3 Bxc5 37. Rxc5 Kd6 38. Ra5 Re4 39.
Rxa6 Rxb4 40. a5 Ra4 41. Ra8 Kc7 42. a6 Kb6 43. Rh8 Rxa6 44. Rxh7 Kb5 45.
Rh6 c5 46. g4 c4 47. Ke2 Kc5 48. Rh8 Rc6 49. Rc8 c3 50. Rxc6+ Kxc6 51. Kd3
Kd6 52. Kxc3 Ke5 53. Kd3 g5 54. f3 Kd6 55. Kd4 Ke6 56. Kc5 Ke5 57. Kc6 d4
58. exd4+ Kf4 59. d5 Kxf3 60. d6 Kxg4 61. d7 Kh3 62. d8=Q g4 63. Qd1 g3 64.
Qf1+ g2 {White forfeits on time} 0-1

[Event "ICCopen2017"]
[Site "Internet Chess Club"]
[Date "2017.03.26"]
[Round "8"]
[White "CristianS"]
[Black "julkat-ch"]
[Result "1-0"]
[ICCResult "Black forfeits on time"]
[WhiteElo "2077"]
[BlackElo "1824"]
[Opening "Sicilian: Anderssen variation"]
[ECO "B41"]
[NIC "SI.41"]
[Time "20:28:46"]
[TimeControl "180+0"]

1. e4 c5 2. Nf3 e6 3. d4 cxd4 4. Nxd4 Nf6 5. Nc3 Nc6 6. Ndb5 Bb4 7. a3 Bxc3+
8. Nxc3 d5 9. exd5 exd5 10. Bd3 O-O 11. O-O h6 12. Bf4 d4 13. Ne2 Be6 14.
Qd2 Nd5 15. Bxh6 gxh6 16. Qxh6 Re8 17. Ng3 Qf6 18. Qh7+ Kf8 19. Nh5 Qh4 20.
Rae1 Nf6 21. Qg7+ Ke7 22. Rxe6+ Kxe6 23. Re1+ Ne5 24. Bc4+ Kd6 25. Nxf6 Nxc4
26. Nxe8+ Rxe8 27. Rxe8 Qf4 28. Qg3 Qxg3 29. fxg3 Nxb2 30. h4 Nc4 31. h5
Nxa3 32. h6 Nxc2 33. h7 {Black forfeits on time} 1-0

[Event "ICCopen2017"]
[Site "Internet Chess Club"]
[Date "2017.03.26"]
[Round "8"]
[White "habishek"]
[Black "weakfish"]
[Result "1-0"]
[ICCResult "Black forfeits on time"]
[WhiteElo "1110"]
[BlackElo "1250"]
[Opening "Caro-Kann: closed (Breyer) variation"]
[ECO "B10"]
[NIC "CK.01"]
[Time "20:28:34"]
[TimeControl "180+0"]

1. e4 c6 2. d3 d5 3. Nc3 dxe4 4. Nxe4 Bf5 5. Be2 Bxe4 6. dxe4 Qxd1+ 7. Bxd1
e6 8. Be3 Nf6 9. Nf3 Be7 10. Be2 Nbd7 11. e5 Nd5 12. Bd2 O-O 13. O-O Rfe8
14. Bc4 N7b6 15. Bxd5 cxd5 16. Bf4 Rac8 17. c3 h6 18. Rab1 Nc4 19. b3 Na3
20. Rbc1 Nb5 21. Be3 b6 22. a4 Nxc3 23. Kh1 Ne4 24. Rxc8 Rxc8 25. Nd4 Rc3
26. b4 Rc4 27. Nb5 Rxb4 28. Nxa7 Rxa4 29. Nc6 Bc5 30. Bd2 Nxd2 31. Rd1 Bxf2
32. h3 Ne4 33. Ne7+ Kh7 34. Nc6 Bc5 35. Rb1 Ra2 36. Kh2 Ng5 37. h4 Ne4 38.
Kh3 Nc3 39. Rc1 Ne2 40. Rb1 Bd4 41. Re1 Nf4+ 42. Kg4 g5 43. hxg5 hxg5 44.
Nxd4 Rxg2+ 45. Kf3 Rh2 46. Ke3 Rh3+ 47. Kd2 Ng2 48. Kd1 Rg3 49. Kc1 Rh3 50.
Kd1 Rg3 51. Kc1 Ra3 52. Kb2 Ra2+ 53. Kb3 g4 54. Kb4 {Black forfeits on time}
1-0

[Event "ICCopen2017"]
[Site "Internet Chess Club"]
[Date "2017.03.26"]
[Round "8"]
[White "schiele"]
[Black "shally"]
[Result "1-0"]
[ICCResult "Black checkmated"]
[WhiteElo "1944"]
[BlackElo "1915"]
[Opening "Sicilian: wing gambit, Carlsbad variation"]
[ECO "B20"]
[NIC "SI.48"]
[Time "20:29:54"]
[TimeControl "180+0"]

1. e4 c5 2. b4 cxb4 3. a3 bxa3 4. d4 d6 5. Nf3 Nc6 6. c3 e5 7. Bc4 Be7 8.
Qb3 Kf8 9. Bxf7 Na5 10. Qa2 Nf6 11. dxe5 dxe5 12. Nxe5 Nxe4 13. Bxa3 Bxa3
14. Qxa3+ Qe7 15. Qxe7+ Kxe7 16. Rxa5 b6 17. Ra4 Bb7 18. Ba2 Rhc8 19. O-O
Nxc3 20. Nxc3 Rxc3 21. Re1 Kd6 22. Rd4+ Kc5 23. Rd7 Be4 24. Rc7+ Kd4 25.
Rxc3 Kxc3 26. Rxe4 Re8 27. f4 a5 28. Bd5 b5 29. Bc6 Rb8 30. Kf2 b4 31. Rc4+
Kb3 32. Bd5 Kb2 33. Nd3+ Ka3 34. Rc5 a4 35. Rc1 b3 36. Ra1# {Black
checkmated} 1-0

[Event "ICCopen2017"]
[Site "Internet Chess Club"]
[Date "2017.03.26"]
[Round "8"]
[White "BronStorm"]
[Black "manitodeplomo"]
[Result "1-0"]
[ICCResult "Black resigns"]
[WhiteElo "1893"]
[BlackElo "2382"]
[Opening "Scandinavian defense, Lasker variation"]
[ECO "B01"]
[NIC "SD.01"]
[Time "20:29:18"]
[TimeControl "180+0"]

1. e4 d5 2. exd5 Qxd5 3. Nc3 Qa5 4. d4 Nf6 5. Nf3 Bg4 6. h3 Bh5 7. g4 Bg6 8.
Ne5 c6 9. Nc4 Qd8 10. Be3 e6 11. Bg2 Nbd7 12. Qe2 Bb4 13. O-O O-O 14. Ne5
Bxc3 15. bxc3 Nxe5 16. dxe5 Nd5 17. Bd2 Bxc2 18. c4 Nb6 19. Rfc1 Bd3 20. Qe1
Nxc4 21. Bb4 Re8 22. Rc3 Qd4 23. Rd1 Nb2 24. Bc5 Nxd1 25. Bxd4 Nxc3 26. Qxc3
Ba6 27. Be4 Red8 28. Qe3 Rd7 29. Bxa7 Rad8 30. Bc5 h6 31. Bd6 Rxd6 32. exd6
Rxd6 33. Kh2 Kf8 34. Kg3 Ke7 35. Qc5 g5 36. h4 f6 37. f4 gxf4+ 38. Kxf4 e5+
39. Ke3 Kd7 40. Bf5+ Kc7 41. Qa5+ Kb8 42. Qb6 Rd5 43. Qb4 Ka7 44. Qf8
{Black resigns}
1-0

[Event "ICCopen2017"]
[Site "Internet Chess Club"]
[Date "2017.03.26"]
[Round "8"]
[White "kingmate"]
[Black "Realboy"]
[Result "1-0"]
[ICCResult "Black forfeits on time"]
[WhiteElo "2514"]
[BlackElo "2912"]
[Opening "Caro-Kann: Panov-Botvinnik attack, 5...e6"]
[ECO "B14"]
[NIC "CK.03"]
[Time "20:28:38"]
[TimeControl "180+0"]

1. e4 c6 2. d4 d5 3. exd5 cxd5 4. c4 Nf6 5. Nc3 e6 6. Nf3 Bb4 7. cxd5 Nxd5
8. Bd2 Nc6 9. Bd3 O-O 10. O-O Nf6 11. a3 Be7 12. Be3 b6 13. Qe2 Bb7 14. Rfd1
Rc8 15. Rac1 Nd5 16. Be4 Nxc3 17. bxc3 Bxa3 18. Bxh7+ Kxh7 19. Ng5+ Kg6 20.
Qg4 f5 21. Qg3 Bd6 22. f4 Kf6 23. d5 exd5 24. Rxd5 Bxf4 25. Rxd8 Bxg3 26.
Rxf8+ Rxf8 27. Nh7+ Kf7 28. Nxf8 Bxh2+ 29. Kxh2 Kxf8 30. Kg3 Kf7 31. Bd4 g5
32. Re1 f4+ 33. Kg4 Nxd4 34. cxd4 Bxg2 35. Re5 f3 36. Kg3 Kf6 37. Re3 Kf5
38. d5 Bf1 39. Rxf3+ Ke5 40. Rxf1 Kxd5 41. Kf3 Kd4 42. Ke2 Kc3 43. Ra1 a5
44. Rb1 a4 45. Rxb6 a3 46. Ra6 Kb2 47. Kd2 a2 48. Rb6+ Ka3 49. Kc2 a1=N+ 50.
Kc3 Ka2 51. Ra6+ Kb1 52. Rg6 Nc2 53. Rxg5 Ne3 54. Kb3 Kc1 55. Kc3 Nd1+ 56.
Kd3 Nb2+ 57. Ke2 Kc2 58. Rc5+ Kb3 59. Rb5+ Kc3 60. Rb8 Nc4 61. Rc8 Kd4 62.
Kd1 Kc3 63. Rd8 Kb4 64. Rb8+ Kc5 65. Rc8+ Kd5 66. Rh8 Nd6 67. Ke2 Kc6 68.
Rh5 Kd7 69. Rh6 Nf5 70. Rh7+ Ne7 71. Rh1 Ke8 72. Rd1 Kf7 73. Kf3 Ke6 74. Rf1
Kf7 75. Ke2+ Ke8 76. Re1 Kd7 77. Kd2 Ke8 78. Kc2 Kd7 79. Ra1 Nc6 80. Ra2 Kc7
81. Kb3 Kb6 82. Rb2 Nb4 83. Kxb4 {Black forfeits on time} 1-0

[Event "ICCopen2017"]
[Site "Internet Chess Club"]
[Date "2017.03.26"]
[Round "8"]
[White "ElMarginal"]
[Black "anakinnn"]
[Result "0-1"]
[ICCResult "White forfeits on time"]
[WhiteElo "1386"]
[BlackElo "1242"]
[Opening "Queen's pawn game"]
[ECO "A45"]
[NIC "QP.07"]
[Time "20:29:23"]
[TimeControl "180+0"]

1. d4 Nf6 2. Nc3 g6 3. Nf3 Bg7 4. Bf4 O-O 5. e3 d5 6. Bd3 Nbd7 7. Nb5 c5 8.
Bc7 Qe8 9. Bf4 Qd8 10. O-O a6 11. Bc7 Qe8 12. Nc3 cxd4 13. Nxd4 e5 14. Nb3
Qe6 15. f4 e4 16. Be2 b6 17. Nd4 Qe8 18. Nc6 Bb7 19. Ne5 Qe6 20. Qd4 Rac8
21. Nxd7 Nxd7 22. Be5 Nxe5 23. fxe5 Bxe5 24. Qd1 Bxc3 25. Bg4 f5 26. bxc3
fxg4 27. Qe2 Rxc3 28. Rxf8+ Kxf8 29. Qd2 Rc7 30. Qd4 Rf7 31. Qh8+ Ke7 32.
Qd4 g3 {White forfeits on time} 0-1

[Event "ICCopen2017"]
[Site "Internet Chess Club"]
[Date "2017.03.26"]
[Round "8"]
[White "LittleMaster"]
[Black "SeventhWill"]
[Result "1-0"]
[ICCResult "Black resigns"]
[WhiteElo "2330"]
[BlackElo "2516"]
[Opening "Sicilian: Najdorf, Byrne (English) attack"]
[ECO "B90"]
[NIC "SI.14"]
[Time "20:29:48"]
[TimeControl "180+0"]

1. e4 c5 2. Nf3 d6 3. d4 cxd4 4. Nxd4 Nf6 5. Nc3 a6 6. Be3 e5 7. Nb3 Be6 8.
Be2 Be7 9. O-O O-O 10. Kh1 Nc6 11. f4 exf4 12. Bxf4 Ne5 13. Qe1 Nfd7 14. Rd1
Bh4 15. Qd2 Nb6 16. Nd5 Nxd5 17. exd5 Bd7 18. Bxe5 dxe5 19. c4 f5 20. d6 Bc6
21. Nc5 Qf6 22. Bf3 e4 23. Bxe4 Rad8 24. Bxc6 bxc6 25. b3 Rf7 26. Qa5 Qe5
27. b4 Qe2 28. d7 f4 29. Qa3 f3 30. gxf3 Kh8 31. Qd3 Qe5 32. Qe4 Qh5 33.
Qe8+ Rf8 34. Qxh5 {Black resigns} 1-0

[Event "ICCopen2017"]
[Site "Internet Chess Club"]
[Date "2017.03.26"]
[Round "8"]
[White "Spirals"]
[Black "Speiretti"]
[Result "1/2-1/2"]
[ICCResult "Game drawn by mutual agreement"]
[WhiteElo "2185"]
[BlackElo "1916"]
[Opening "Sicilian: closed"]
[ECO "B23"]
[NIC "SI.44"]
[Time "20:28:59"]
[TimeControl "180+0"]

1. e4 c5 2. Nc3 d6 3. g3 Nf6 4. Bg2 g6 5. Nf3 Bg7 6. O-O e6 7. e5 dxe5 8.
Nxe5 O-O 9. Nf3 Nc6 10. d3 a6 11. Bg5 Qc7 12. Re1 b6 13. Bf4 Qd7 14. Ne5
Nxe5 15. Bxa8 Nc6 16. Ne4 Nd5 17. Bd2 a5 18. c3 Ba6 19. Bxc6 Qxc6 20. Qf3
Bb7 21. Rad1 Ne7 22. Bg5 Nf5 23. Nf6+ Bxf6 24. Qxc6 Bxc6 25. Bxf6 h6 26. g4
Ng7 27. Bxg7 Kxg7 28. Re3 Rd8 29. f4 c4 30. d4 Bd5 31. Kf2 b5 32. a3 Rb8 33.
Rd2 Rb7 34. Re5 Rb8 35. Rde2 Rb7 36. f5 b4 37. axb4 axb4 38. fxe6 fxe6 39.
h4 bxc3 40. bxc3 Rb1 41. g5 Rh1 42. Rxd5 exd5 43. Kg3 hxg5 44. hxg5 Kf7 45.
Rf2+ Ke6 46. Rf6+ Ke7 47. Rxg6 Rc1 48. Kf4 Rxc3 49. Ke5 Rd3 50. Kxd5 c3 51.
Rc6 Rg3 52. g6 Kd7 53. Rc5 Rg5+ 54. Ke4 Rg4+ 55. Kd3 Rg3+ 56. Kc2 Kd6 57.
Ra5 Kd7 58. Ra6 Ke7 59. d5 Kd7 60. Ra7+ Kd6 61. g7 Kxd5 62. g8=Q+ Rxg8 63.
Kxc3 Rg3+ 64. Kb4 Rg4+ 65. Kc3 Rg3+ 66. Kd2 {Game drawn by mutual agreement}
1/2-1/2

[Event "ICCopen2017"]
[Site "Internet Chess Club"]
[Date "2017.03.26"]
[Round "8"]
[White "Bonao"]
[Black "SONICS71"]
[Result "1-0"]
[ICCResult "Black resigns"]
[WhiteElo "2017"]
[BlackElo "1752"]
[Opening "Queen's pawn: Lundin (Kevitz-Mikenas) defense"]
[ECO "A40"]
[NIC "QO.17"]
[Time "20:31:11"]
[TimeControl "180+0"]

1. d4 Nc6 2. Nf3 d6 3. d5 Ne5 4. e4 Bg4 5. Be2 Nxf3+ 6. Bxf3 Bxf3 7. Qxf3 e5
8. dxe6 fxe6 9. O-O Qf6 10. Qe2 a6 11. c4 e5 12. Nc3 Ne7 13. f4 exf4 14.
Bxf4 Qd4+ 15. Kh1 Ng6 16. Bg3 O-O-O 17. Rad1 Qc5 18. a3 Ne5 19. Bxe5 Qxe5
20. Rd5 Qe6 21. Rdf5 Be7 22. Nd5 Rhf8 23. Qg4 g6 24. Nxe7+ Qxe7 25. Rxf8+
{Black resigns}
1-0

[Event "ICCopen2017"]
[Site "Internet Chess Club"]
[Date "2017.03.26"]
[Round "8"]
[White "hecan58"]
[Black "Kiketf"]
[Result "0-1"]
[ICCResult "White forfeits on time"]
[WhiteElo "1625"]
[BlackElo "2017"]
[Opening "Sicilian: Kan, 5.Bd3"]
[ECO "B42"]
[NIC "SI.42"]
[Time "20:28:54"]
[TimeControl "180+0"]

1. e4 c5 2. Nf3 e6 3. d4 cxd4 4. Nxd4 a6 5. Bd3 Nf6 6. Qe2 d6 7. c4 Be7 8.
Nc3 O-O 9. O-O Nc6 10. Be3 Nxd4 11. Bxd4 Bd7 12. Rad1 Bc6 13. f3 Nh5 14. Be3
g6 15. Bh6 Bg5 16. Bxf8 Nf4 17. Qf2 Bh4 18. Qc2 Kxf8 19. Ne2 Qb6+ 20. Kh1
Nxe2 21. Qxe2 Bf6 22. b3 a5 23. f4 Kg7 24. Bc2 Bd4 25. f5 Qc5 26. f6+ Bxf6
27. Qf3 Qe5 28. Rxd6 Rf8 29. Rd2 Qc3 30. Rdf2 Qxf3 31. Rxf3 Be5 32. Rd1 f6
33. Re1 Kf7 34. g3 Ke7 35. Kg2 Rd8 36. Rf2 Rd7 37. Rfe2 Kd6 38. Rd1+ Kc5 39.
Rxd7 Bxd7 40. Rd2 Bd4 41. Kf3 e5 42. h4 Kb4 43. g4 Kc3 44. Rh2 h5 45. gxh5
gxh5 46. Bd1 Bg4+ 47. Kg3 Bxd1 48. Rh1 Bg4 49. Rf1 Kb2 50. Rxf6 Kxa2 51. Rg6
Kxb3 52. Rxg4 hxg4 53. Kxg4 Kxc4 54. h5 Bc5 55. h6 Bf8 56. h7 Bg7 57. Kg5 a4
58. Kg6 Bh8 59. Kf7 a3 60. Kg8 a2 61. Kxh8 a1=Q 62. Kg8 Qa8+ 63. Kg7 b5 64.
h8=Q Qxh8+ 65. Kxh8 Kd4 66. Kg7 Kxe4 67. Kf6 b4 68. Ke6 b3 69. Kd6 b2 70.
Kc5 b1=Q 71. Kd6 Kd3 72. Ke7 e4 73. Kf6 e3 74. Kg6 e2 {White forfeits on
time} 0-1

[Event "ICCopen2017"]
[Site "Internet Chess Club"]
[Date "2017.03.26"]
[Round "8"]
[White "Magagna"]
[Black "RobbieWilliams"]
[Result "1-0"]
[ICCResult "Black forfeits on time"]
[WhiteElo "1722"]
[BlackElo "1792"]
[Opening "Queen's pawn game"]
[ECO "D02"]
[NIC "QP.08"]
[Time "20:29:13"]
[TimeControl "180+0"]

1. d4 d5 2. Nf3 e6 3. Bf4 f5 4. e3 Nf6 5. c4 c6 6. Nc3 Bd6 7. Bg3 O-O 8. Qb3
Kh8 9. Bd3 Ne4 10. cxd5 exd5 11. O-O Qe7 12. Rac1 Nd7 13. Rfd1 Nxg3 14. hxg3
Nf6 15. Ne2 Ne4 16. Nd2 g5 17. Bxe4 fxe4 18. Nc3 Be6 19. f3 exf3 20. Nxf3
Bxg3 21. Ne2 Bc7 22. Rf1 Qd6 23. Ne5 Rab8 24. Rxf8+ Qxf8 25. Rf1 Qg7 26. Nf3
g4 27. Nd2 g3 28. Nf4 Bg8 29. Rf3 Qg4 30. Nf1 Qh4 31. Nxg3 Re8 32. Qd3
{Black forfeits on time}
1-0

[Event "ICCopen2017"]
[Site "Internet Chess Club"]
[Date "2017.03.26"]
[Round "8"]
[White "bythebook"]
[Black "rencoroso"]
[Result "1-0"]
[ICCResult "Black resigns"]
[WhiteElo "1617"]
[BlackElo "1998"]
[Opening "Sicilian: Canal-Sokolsky attack, 3...Bd7"]
[ECO "B52"]
[NIC "SI.01"]
[Time "20:30:23"]
[TimeControl "180+0"]

1. e4 c5 2. Nf3 d6 3. Bb5+ Bd7 4. Qe2 Nc6 5. c3 g6 6. d4 cxd4 7. cxd4 Bg7 8.
d5 Ne5 9. Nxe5 Bxe5 10. O-O Bg7 11. Nc3 Nf6 12. Bg5 O-O 13. h3 Rc8 14. Rac1
Qa5 15. Bxd7 Nxd7 16. Bxe7 Rfe8 17. Bxd6 Nb6 18. a3 Nxd5 19. Nxd5 Qxd5 20.
Rxc8 Qxd6 21. Rxe8+ Bf8 22. Rd1 Qc6 23. Rdd8 Kg7 24. Rxf8 Qc1+ 25. Kh2 Qc7+
26. g3 h5 27. Qd3 Qe7 28. Qd4+ f6 29. Rd7 Kxf8 30. Rxe7 Kxe7 31. Qxa7 Ke6
32. Qxb7 g5 33. Qd5+ Ke7 34. b4 h4 35. b5 hxg3+ 36. fxg3 Kf8 37. b6 Kg7 38.
b7 g4 39. b8=Q gxh3 40. Qbg8+ Kh6 41. Qd2+ Kh5 42. Qf4 {Black resigns} 1-0

[Event "ICCopen2017"]
[Site "Internet Chess Club"]
[Date "2017.03.26"]
[Round "8"]
[White "atoz"]
[Black "ChessOlympian"]
[Result "0-1"]
[ICCResult "White checkmated"]
[WhiteElo "1402"]
[BlackElo "1612"]
[Opening "English, 1...Nf6 (Anglo-Indian defense)"]
[ECO "A15"]
[NIC "EO.64"]
[Time "20:28:59"]
[TimeControl "180+0"]

1. c4 Nf6 2. g3 e5 3. Bg2 Nc6 4. Nc3 Bc5 5. e3 O-O 6. Nge2 Re8 7. O-O a6 8.
h3 d6 9. Kh2 Rb8 10. Rb1 Bd7 11. b3 b5 12. cxb5 axb5 13. Bb2 b4 14. Ne4 Nxe4
15. Bxe4 f5 16. Bg2 Rb6 17. d4 exd4 18. exd4 Rxe2 19. Qxe2 Nxd4 20. Bxd4
Bxd4 21. Bd5+ Kh8 22. Rbe1 Bf6 23. Be6 Bb5 24. Bc4 Bd7 25. Qh5 g6 26. Qf3 c6
27. Be6 Be8 28. Re2 d5 29. Rfe1 Bd7 30. Bxd7 Qxd7 31. Re8+ Kg7 32. Qe3 Ra6
33. Qe6 Qxe6 34. R8xe6 d4 35. Rd6 Rxa2 36. Kg2 c5 37. Ree6 Bg5 38. Rd7+ Kh6
39. Rc6 Be3 40. Rxc5 Rxf2+ 41. Kh1 Rf1+ 42. Kg2 Rf2+ 43. Kh1 Kg5 44. Rcd5 h5
45. Rg7 Kf6 46. Rgd7 Kg5 47. h4+ Kg4 48. Rg7 Kh3 49. Kg1 Rf3+ 50. Kh1 Rf1#
{White checkmated}
0-1

[Event "ICCopen2017"]
[Site "Internet Chess Club"]
[Date "2017.03.26"]
[Round "8"]
[White "DEHO"]
[Black "nahuels1992"]
[Result "0-1"]
[ICCResult "White forfeits on time"]
[WhiteElo "2044"]
[BlackElo "1424"]
[Opening "QGD: exchange, positional line, 5...c6"]
[ECO "D35"]
[NIC "QO.16"]
[Time "20:28:44"]
[TimeControl "180+0"]

1. d4 d5 2. c4 e6 3. Nc3 Nf6 4. cxd5 exd5 5. Bg5 c6 6. e3 Be7 7. Bd3 Nbd7 8.
Nf3 O-O 9. Qc2 Re8 10. O-O g6 11. Rab1 Nh5 12. Bxe7 Qxe7 13. b4 a6 14. a4
Nb6 15. Rfc1 Ng7 16. b5 axb5 17. axb5 c5 18. dxc5 Qxc5 19. Ne2 Qxc2 20. Rxc2
Bd7 21. Rc7 Rab8 22. Nf4 Rec8 23. Nxd5 Nxd5 24. Rxd7 Nc3 25. Ra1 Ne6 26. Bf1
Nc5 27. Rd6 Ra8 28. Rc1 Nb3 29. Re1 Ra2 30. Nd4 Ne4 31. Rd7 Nbc5 32. Re7
Nxf2 33. Bc4 Rb2 34. Rxf7 Nfd3 35. Rc7+ Kf8 36. Rxc8+ Ke7 37. Bxd3 Nxd3 38.
Rf1 Kd7 39. Rd8+ Kxd8 40. h3 Ke7 41. Ra1 Kd7 42. Ra8 Ne5 43. Rh8 h5 44. Rh7+
Kc8 45. Re7 Nc4 46. Re6 g5 47. Rg6 g4 48. hxg4 hxg4 49. e4 Ne3 50. Nf5 Rxg2+
51. Kh1 Rf2 52. Nxe3 Rf4 53. Rxg4 Rf3 54. Nd5 Rb3 55. Rg5 Rb1+ 56. Kg2 Kd7
57. Kf3 Rxb5 58. Kf4 Rb1 59. Ke5 Rf1 60. Rg7+ Kc6 61. Rc7+ Kb5 62. Rxb7+ Ka6
63. Rb6+ Ka7 64. Rb2 Ka8 {White forfeits on time} 0-1

[Event "ICCopen2017"]
[Site "Internet Chess Club"]
[Date "2017.03.26"]
[Round "8"]
[White "sacov"]
[Black "JUGGERNOT"]
[Result "1-0"]
[ICCResult "Black forfeits on time"]
[WhiteElo "2174"]
[BlackElo "1839"]
[Opening "QGD semi-Slav"]
[ECO "D43"]
[NIC "SL.03"]
[Time "20:29:52"]
[TimeControl "180+0"]

1. d4 d5 2. Nf3 c6 3. c4 Nf6 4. Nc3 e6 5. Bg5 Be7 6. e3 h6 7. Bh4 Ne4 8. Bg3
Nxg3 9. hxg3 Qa5 10. a3 Nd7 11. b4 Qc7 12. c5 b6 13. Rc1 bxc5 14. dxc5 a5
15. Bd3 axb4 16. axb4 Ne5 17. Nxe5 Qxe5 18. O-O Ra3 19. Ne2 O-O 20. Nd4 Bd7
21. Re1 Rfa8 22. b5 cxb5 23. c6 Bc8 24. Nxb5 Ra2 25. Bb1 R2a5 26. Nd4 g6 27.
c7 Rc5 28. Nc6 Rxc1 29. Nxe7+ Kf8 30. Qxc1 Kxe7 31. e4 d4 32. Qxh6 Qxc7 33.
e5 Bb7 34. Qg7 Qc6 35. Qf6+ Ke8 36. f3 Qc5 37. Kh2 Qf8 38. Rc1 Qh6+ 39. Qh4
Qxc1 40. Bd3 Ra1 41. Bb5+ Bc6 42. Bxc6+ Qxc6 43. Qxd4 Qc1 44. Kh3 Qh1+ 45.
Kg4 Qh5+ 46. Kf4 Qf5+ 47. Ke3 Re1+ 48. Kf2 Rb1 49. g4 Qc2+ 50. Kg3 Qc1 51.
Qa4+ Kf8 52. Qa8+ Kg7 53. Qd8 Qe1+ 54. Kf4 Qh1 55. Qf6+ Kh7 56. Qh8+
{Black forfeits on time}
1-0

[Event "ICCopen2017"]
[Site "Internet Chess Club"]
[Date "2017.03.26"]
[Round "8"]
[White "SPARNALIQ"]
[Black "TricksOnly"]
[Result "0-1"]
[ICCResult "White checkmated"]
[WhiteElo "3067"]
[BlackElo "2462"]
[Opening "Scandinavian defense"]
[ECO "B01"]
[NIC "SD.03"]
[Time "20:29:12"]
[TimeControl "180+0"]

1. e4 d5 2. exd5 Nf6 3. d4 Bg4 4. Bb5+ Nbd7 5. f3 Bf5 6. c4 a6 7. Ba4 b5 8.
cxb5 Nxd5 9. Nc3 N5b6 10. Bb3 e6 11. Nge2 Bd6 12. O-O O-O 13. Bf4 Bxf4 14.
Nxf4 axb5 15. Nxb5 Nf6 16. Nc3 Qd6 17. Qd2 Rfd8 18. Rfd1 c5 19. Nfe2 c4 20.
Bc2 Bxc2 21. Qxc2 Nfd5 22. Ne4 Qc6 23. Qd2 Rdb8 24. N2c3 Na4 25. Nxa4 Rxa4
26. a3 Ra5 27. Rac1 Rab5 28. Rc2 Qb6 29. Rb1 h6 30. Kh1 Rb3 31. h3 Rxa3 32.
Rxc4 Rb3 33. Rc2 Nb4 34. Rc3 Nd5 35. Rxb3 Qxb3 36. Nc5 Qa2 37. Qc1 Rb4 38.
Ne4 Rxd4 39. Qc8+ Kh7 40. Qc2 f5 41. Nf2 Rc4 42. Qd1 Ne3 43. Qe1 Nc2 44. Qd1
Ne3 45. Qe1 Qb3 46. Rc1 Qxb2 47. Rxc4 Nxc4 48. Qxe6 Qxf2 49. Qxf5+ Kh8 50.
Qc8+ Kh7 51. Qxc4 Qe1+ 52. Kh2 Qe5+ 53. Kg1 Qe3+ 54. Kf1 Kh8 55. Qc8+ Kh7
56. Qc2+ Kh8 57. Qe2 Qc1+ 58. Kf2 Qc5+ 59. Qe3 Qc2+ 60. Kg3 Qc7+ 61. f4 Qc2
62. Qf3 Qd2 63. Qa8+ Kh7 64. Qe4+ Kh8 65. Kf3 Qd1+ 66. Qe2 Qb3+ 67. Qe3 Qb7+
68. Kg3 Qc7 69. Qe5 Qc6 70. Kh4 Qxg2 71. Qf5 Qf2+ 72. Kh5 Qg3 73. Qg4 Qd3
74. f5 Qe3 75. Kh4 Qf2+ 76. Kh5 Qe1 77. Qf4 Qe7 78. Kg6 Qe8# {White
checkmated} 0-1